 Dungeon Crawl Stone Soup version 0.30.1 (webtiles) character file.

Game seed: 14257893280674224686

19 spardeous the Digger (level 2, 0/11 HPs)
             Began as a Felid Earth Elementalist on July 12, 2023.
             Slain by an adder (3 damage)
             ... on level 3 of the Dungeon.
             The game lasted 00:01:07 (634 turns).

spardeous the Digger (Felid Earth Elementalist)      Turns: 634, Time: 00:01:08

Health: 0/11       AC:  1    Str:  4    XL:     2   Next: 55%
Magic:  3/6        EV: 17    Int: 16    God:
Gold:   32         SH:  0    Dex: 16    Spells: 4/5 levels left
                                        Lives:  0   Deaths: 0

rFire   . . .        (weapon unavailable)
rCold   . . .        (shield unavailable)
rNeg    . . .        (body armour unavailable)
rPois   .            (helmet unavailable)
rElec   .            (cloak unavailable)
rCorr   .            (gloves unavailable)
SInv    +            (boots unavailable)
Will    .....        (no amulet)
Stlth   ++           (no ring)
HPRegen 0.21/turn    (no ring)
MPRegen 0.10/turn

%: no passive effects
@: lethally poisoned (0 -> -3), quick
A: very small, claws 1, fangs 3, see invisible, speed 1, shaggy fur 1, stealthy
paws, no weapons or thrown items, no armour, multi-lived
a: no special abilities


You were on level 3 of the Dungeon.
You visited 1 branch of the dungeon, and saw 3 of its levels.

You collected 32 gold pieces.

Inventory:

Scrolls
 b - a scroll of noise {unknown}
 c - a scroll of silence {unknown}
 d - a scroll of blinking {unknown}
 f - a scroll of enchant weapon {unknown}
 g - a scroll of identify {unknown}
 h - a scroll of fog {unknown}
 k - a scroll of summoning {unknown}
Potions
 a - a potion of magic
 e - a potion of flight {unknown}
 i - 3 potions of heal wounds {unknown}
 j - a potion of attraction {unknown}


   Skills:
 - Level 2.6 Dodging
 - Level 2.6 Stealth
 - Level 2.0 Spellcasting
 - Level 1.1 Transmutations
 + Level 3.6 Earth Magic


You had 4 spell levels left.
You knew the following spells:

 Your Spells              Type           Power      Damage    Failure   Level
a - Sandblast             Erth           26%        2d8       4%          1

Your spell library contained the following spells:

 Spells                   Type           Power      Damage    Failure   Level
 Passwall                 Tmut/Erth      7%         N/A       12%         2
 Stone Arrow              Conj/Erth      14%        3d7       30%         3
 Petrify                  Tmut/Erth      9%         N/A       61%         4


Dungeon Overview and Level Annotations

Branches:
Dungeon (3/15)

Altars:
Dithmenos


Innate Abilities, Weirdness & Mutations

You have sharp claws.
You have razor-sharp teeth.
You have supernaturally acute eyesight. (SInv)
You cover ground quickly. (Speed+)
You are covered in fur. (AC +1)
Your paws help you pounce on unaware monsters.
You are incapable of wielding weapons or throwing items.
You cannot wear armour.
You gain extra lives every three experience levels.


Message History

Confirm with . or Enter, or press ? or * to list all spells.
You can't see any susceptible monsters within range! (Use Z to cast anyway.) Unknown command.
You see here an adder corpse.
Things that are here:
a +0 club; a goblin corpse
Found a war axe.
Found a stone staircase leading down.
No target in view! 2 adders come into view.
Found a scroll labelled LUILYT QAPINA.
The adder hisses angrily.
You start waiting.
An adder is nearby!
Casting: Sandblast (safe; 4% risk of failure)
Confirm with . or Enter, or press ? or * to list all spells.
Aiming: Sandblast (safe; 4% risk of failure)
Press: ? - help, Shift-Dir - straight line, f - adder
Aim: an adder (70% to hit)
The blast of sand hits the adder.
The adder is lightly wounded.
Casting: Sandblast (safe; 4% risk of failure)
Confirm with . or Enter, or press ? or * to list all spells.
Aiming: Sandblast (safe; 4% risk of failure)
Press: ? - help, Shift-Dir - straight line, f/p - adder
Aim: an adder (lightly wounded, 70% to hit)
The blast of sand misses the adder.
The adder closely misses you. The adder bites you.
You are poisoned.
The adder poisons you!
Casting: Sandblast (safe; 4% risk of failure)
Confirm with . or Enter, or press ? or * to list all spells.
Aiming: Sandblast (safe; 4% risk of failure)
Press: ? - help, Shift-Dir - straight line, f/p - adder
Aim: an adder (lightly wounded, 70% to hit)
The blast of sand hits the adder.
The adder is moderately wounded.
You feel sick. The adder bites you.
* * * LOW HITPOINT WARNING * * *
The adder bites you.
You die...

..## .......>... #..#
#.......... ##.####
........S.
.#....########..)......
.####.......##......#
...#####..#.##..##
##...#####§§.##..#
####....#§#.#§##S#
........§§§_.§§§@#
..#######§#.#§#§.# ..#
#§§.#...... ..#
##.#........# ..#
#..........# ..#
############ ..# ###


You could see an adder.

Vanquished Creatures
  An adder (D:3)
  3 bats (D:3)
  2 endoplasms
  A goblin (D:3)
  2 hobgoblins
  A ball python (D:3)
10 creatures vanquished.

Notes
Turn   | Place    | Note
-------+----------+-------------------------------------------
     0 | D:1      | spardeous the Felid Earth Elementalist began the quest for
                  | the Orb.
     0 | D:1      | Reached XP level 1. HP: 7/7 MP: 4/4
   195 | D:2      | Reached skill level 3 in Earth Magic
   513 | D:3      | Reached XP level 2. HP: 11/11 MP: 1/6
   567 | D:3      | Found a shadowy altar of Dithmenos.
   634 | D:3      | Slain by an adder

Illustrated notes

Levels and vault maps discovered:
D:1:      eino_arrival_druids_welcome, layout_basic, nicolae_grassy_gnolls
D:2:      layout_loops_cross, hex_tiny
D:3:      layout_rooms, nicolae_overflow_ecumenical_swirl,
          grunt_dithmenos_smoke_and_mirrors, serial_corexii_hall,
          chequers_hall_statues_corner_a, corexii_hall_statues_x,
          chequers_hall_statues_corner_a, uniq_natasha

Skill      XL: |  1 |
---------------+----+-----
Earth Magic    | 3 |  3.6
Dodging        | |  2.6
Stealth        | |  2.6
Spellcasting   | |  2.0
Transmutations | |  1.1

Action                     || total
---------------------------++-------
  Melee: Unarmed           ||     8
         Bite              ||     2
   Cast: Sandblast         ||    16
 Armour: Skin              ||     6
  Dodge: Dodged            ||    14
